 Dungeon Crawl Stone Soup version 0.27-a0-1149-g4505690ab0 (webtiles) character file.

Game seed: 4350265502723350454

122 leviel the Magician (level 5, 0/35 HPs)
             Began as a Djinni Venom Mage on May 14, 2021.
             Killed from afar by Sigmund (3 damage)
             ... with a puff of flame
             ... on level 3 of the Dungeon.
             The game lasted 00:06:33 (3780 turns).

leviel the Magician (Djinni Venom Mage)             Turns: 3780, Time: 00:06:33

Health: 0/35       AC:  2    Str:  7    XL:     5   Next: 27%
Gold:   123        EV: 13    Int: 17    God:
                   SH:  0    Dex: 14

rFire    + + .     SeeInvis .   b - +0 dagger
rCold    x . .     Faith    .   (no shield)
rNeg     . . .     Spirit   .   a - +0 robe
rPois    ∞         Reflect  .   (no helmet)
rElec    .         Harm     .   (no cloak)
rCorr    .         Rampage  .   (no gloves)
Will     .....                  (boots unavailable)
Stlth    ++........             (no amulet)
HPRegen  0.11/turn              (no ring)
MPRegen  0.00/turn              (no ring)

@: flying
A: sickness immunity, fire resistance 2, cold vulnerability 1, float, innate
caster, hp casting, extra vitality 1
a: no special abilities


You were on level 3 of the Dungeon.
You visited 1 branch of the dungeon, and saw 3 of its levels.

You collected 123 gold pieces.

Inventory:

Hand Weapons
 b - a +0 dagger (weapon)
Armour
 a - a +0 robe (worn)
Scrolls
 d - a scroll of fear {unknown}
 e - a scroll of teleportation {unknown}
 f - 2 scrolls of immolation {unknown}
 g - a scroll of identify {unknown}
 i - a scroll of silence {unknown}
 k - a scroll of brand weapon {unknown}
Potions
 c - a potion of magic {unknown}
 h - 2 potions of haste
 j - a potion of flight {unknown}


   Skills:
 + Level 3.2 Dodging
 + Level 2.4 Stealth
 * Level 3.6 Spellcasting


You couldn't memorise any spells.
You knew the following spells:

 Your Spells              Type           Power      Damage    Failure   Level
a - Sting                 Tmut/Pois      60%        1d6       3%          1
b - Poisonous Vapours     Pois/Air       30%        N/A       5%          2
c - Mephitic Cloud        Conj/Pois/Air  15%        N/A       11%         3
d - Ignite Poison         Fire/Tmut/Pois 15%        N/A       11%         3
e - Olgreb's Toxic Radia  Pois           15%        N/A       36%         4
f - Animate Skeleton      Necr           30%        N/A       3%          1
g - Wereblood             Tmut           15%        N/A       5%          2
Your spell library was empty.

Dungeon Overview and Level Annotations

Branches:
Dungeon (3/15)

Altars:

Annotations:
D:3 Sigmund


Innate Abilities, Weirdness & Mutations

You are immune to sickness and miasma.
You are immune to poison.
Your flesh is very heat resistant. (rF++)
You are vulnerable to cold. (rC-)
You float through the air rather than walking.
You learn spells naturally, not from books.
Your magical power is your life essence.
You have superior vitality. (+4 HP)


Message History

An orc comes into view.
It is wielding a +0 falchion and quivering poisoned darts.
An orc is nearby!
Poisonous vapours surround the orc!
The orc shouts!
The orc is engulfed in poison gas.
The orc is poisoned.
The orc throws a poisoned dart.
The poisoned dart hits you!
The orc throws a poisoned dart.
The poisoned dart hits you!
You kill the orc!
You see here a +0 club.
Things that are here:
a +0 dagger; a +0 leather armour
f - 2 scrolls labelled REVVAS GORUMI (gained 1)
You now have 123 gold pieces (gained 12).
Things that are here:
a +0 falchion; 15 poisoned darts; a +0 leather armour You see here a +0 club.
Sigmund the Dreaded comes into view.
He is wielding a +0 scythe and carrying a wand of flame (8).
Sigmund shouts!
Sigmund misses you.
Sigmund is nearby!
Poisonous vapours surround Sigmund!
Sigmund is engulfed in poison gas.
Sigmund is poisoned.
Sigmund hits you from afar with a +0 scythe.
Poisonous vapours surround Sigmund!
Sigmund is engulfed in poison gas.
Sigmund looks even sicker.
Sigmund zaps a wand.
The puff of flame hits you. You resist.
Poisonous vapours surround Sigmund!
Sigmund is engulfed in poison gas.
Sigmund looks even sicker.
Sigmund hits you from afar with a +0 scythe!
* * * LOW HITPOINT WARNING * * *
Sigmund zaps a wand.
The puff of flame misses you.
Sigmund zaps a wand.
The puff of flame hits you. You resist.
* * * LOW HITPOINT WARNING * * *
Sigmund drinks a potion.
Sigmund seems to speed up.
You are too injured to fight recklessly!
Sigmund casts a spell at you. The magic dart hits you!
* * * LOW HITPOINT WARNING * * *
Sigmund zaps a wand.
The puff of flame hits you. You resist.
You die...

##.#####.#
####.@##......
#........# .###
#######......### .#
#...........#####.#
#.#####.##........#
#.# #.##..####### #.#
#.##..# #.# #..†.@#
#.# ###...## ##.#
##)....## #####..##
##.......##
#.......###)).......#
..........'.........+
#.##....###.).......#
#.###...# ##.......##
#.#.....# ##.....##


You could see Sigmund (fast, poisoned).

Vanquished Creatures
  5 gnolls (D:3)
  2 adders (D:2)
  A dart slug (D:3)
  6 orcs (D:3)
  3 bats
  4 endoplasms
  A giant cockroach (D:1)
  4 goblins
  5 hobgoblins
  3 quokkas
  3 ball pythons
  4 frilled lizards
  7 kobolds
  A rat (D:3)
49 creatures vanquished.

Notes
Turn   | Place    | Note
-------+----------+-------------------------------------------
     0 | D:1      | leviel the Djinni Venom Mage began the quest for the Orb.
     0 | D:1      | Reached XP level 1. HP: 15/15 MP: 0/0
   510 | D:1      | Reached XP level 2. HP: 20/21 MP: 0/0
  1071 | D:1      | Reached XP level 3. HP: 11/25 MP: 0/0
  1071 | D:1      | Learned a level 1 spell: Animate Skeleton
  2037 | D:2      | Found a faded altar of an unknown god.
  2299 | D:2      | Reached XP level 4. HP: 24/31 MP: 0/0
  2766 | D:3      | Reached XP level 5. HP: 11/35 MP: 0/0
  2766 | D:3      | Learned a level 2 spell: Wereblood
  3764 | D:3      | Noticed Sigmund
  3780 | D:3      | Killed from afar by Sigmund

Illustrated notes

Levels and vault maps discovered:
D:1:      psy_arrival_heroes, layout_basic
D:2:      layout_basic, ebering_ecumenical_altar_petrified
D:3:      layout_loops_corners, uniq_sigmund

Skill      XL: |  1  2  3  4 |
---------------+-------------+-----
Stealth        | 2 |  2.4
Dodging        | 3 |  3.2
Spellcasting   | 3 |  3.6

Action                   |  1- 3 |  4- 6 || total
-------------------------+-------+-------++-------
Melee: Dagger            |     7 |     7 ||    14
 Cast: Sting             |    34 |       ||    34
       Poisonous Vapours |    18 |    34 ||    52
 Stab: Sleeping          |     1 |       ||     1
Armor: Robe              |     2 |       ||     2
Dodge: Dodged            |    12 |    13 ||    25

Table legend: (Time is in decaauts)
 A = Elapsed time spent in this place.
 B = Non-inter-level travel time spent in this place.
 C = Inter-level travel time spent in this place.
 D = Time resting spent in this place.
 E = Time spent auto-exploring this place.
 F = Levels seen in this place.
 G = Mean time per level.
                   A        B        C        D        E       F      G
               +--------+--------+--------+--------+--------+-----+--------+
         Total |   3779 |   3756 |     23 |   1057 |   2305 |   3 | 1259.7 |
       Dungeon |   3779 |   3756 |     23 |   1057 |   2305 |   3 | 1259.7 |
               +--------+--------+--------+--------+--------+-----+--------+

Top non-repeatable levels by time:
     D:1: 1527 daAuts
     D:3: 1357 daAuts
     D:2: 893 daAuts
